 Dungeon Crawl Stone Soup version 0.31-a0-232-gb1c03b2570 (webtiles) character file.

Game seed: 13225638312143562040

458 qw the Shooter (level 6, 0/52 HPs)
             Began as a Minotaur Hexslinger on July 7, 2023.
             Slain by a hound (1 damage)
             ... on level 4 of the Dungeon.
             The game lasted 00:01:07 (2979 turns).

qw the Shooter (Minotaur Hexslinger)                Turns: 2979, Time: 00:01:08

Health: 0/52       AC:  8    Str: 12    XL:     6   Next: 77%
Magic:  6/6        EV: 11    Int: 10    God:
Gold:   203        SH:  5    Dex: 21    Spells: 6/7 levels left

rFire   . . .        Y - +1 orcbow
rCold   . . .        (shield currently unavailable)
rNeg    . . .        g - +0 ring mail
rPois   .            (helmet restricted)
rElec   .            k - +0 cloak
rCorr   .            (no gloves)
SInv    .            h - +0 pair of boots
Will    .....        l - amulet of reflection
Stlth   +            b - +6 ring of dexterity
HPRegen 0.28/turn    (no ring)
MPRegen 0.10/turn

%: reflection
@: about to teleport
A: horns 2, retaliatory headbutt
a: no special abilities


You were on level 4 of the Dungeon.
You visited 1 branch of the dungeon, and saw 5 of its levels.

You collected 203 gold pieces.


Innate Abilities, Weirdness & Mutations

You have a pair of horns on your head.
You reflexively headbutt those who attack you in melee.


   Skills:
 + Level 3.7 Fighting
 - Level 6.4 Ranged Weapons
 - Level 3.6 Armour
 - Level 2.1 Dodging
 - Level 1.0 Spellcasting
 - Level 2.0 Hexes


You had 6 spell levels left.
You knew the following spells:

 Your Spells              Type           Power      Damage    Failure   Level
a - Slow                  Hex            16%        N/A       32%         1

Your spell library contained the following spells:

 Spells                   Type           Power      Damage    Failure   Level
 Inner Flame              Hex/Fire       2%         N/A       82%         3
 Portal Projectile        Hex/Tloc       4%         N/A       82%         3
 Cause Fear               Hex            2%         N/A       97%         4

Inventory:

Hand Weapons
 Y - a +1 orcbow (weapon)
Armour
 g - a +0 ring mail (worn)
 h - a +0 pair of boots (worn)
 k - a +0 cloak (worn)
Jewellery
 b - a +6 ring of dexterity (left hand)
 l - an amulet of reflection (around neck)
Scrolls
 e - a scroll of identify
Potions
 c - a potion of heal wounds
 d - a potion of mutation {unknown}
 f - a potion of berserk rage {unknown}
 i - a potion of degeneration {unknown}

Dungeon Overview and Level Annotations

Branches:
Dungeon (5/15)
 Temple: D:4-7

Altars:

Shops:
D:4 :


Message History

Enter note:
Enter note:
Enter note:
Enter note:
Enter note:
Enter note: You shoot an arrow.
The arrow completely misses the yak.
The arrow hits the yak!
The yak is lightly wounded.
The hound barely misses you. You furiously retaliate!
You headbutt the hound. The hound bites you but does no damage.
You shoot an arrow. The arrow hits the yak.
The yak is moderately wounded.
The hound bites you but does no damage. You block the hound's attack.
You shoot an arrow. The arrow hits the yak.
The yak is moderately wounded.
You block the hound's attack. The yak closely misses you.
You block the hound's attack. The yak gores you but does no damage.
You shoot an arrow. The arrow barely misses the yak. x2
The hound bites you. You block the hound's attack.
You shoot an arrow. The arrow barely misses the yak.
The arrow hits the yak.
The yak is lightly wounded.
The hound closely misses you. You furiously retaliate!
You headbutt the hound. The yak gores you. The hound barely misses you.
You shoot an arrow. The arrow barely misses the yak.
The arrow hits the yak but does no damage.
The yak is lightly wounded.
The hound closely misses you. You block the yak's attack. The hound bites you.
The yak closely misses you.
You shoot an arrow. The arrow completely misses the yak.
The arrow hits the yak but does no damage.
The yak is lightly wounded.
The hound barely misses you. The yak gores you!
You shoot an arrow. The arrow closely misses the yak.
The arrow barely misses the yak.
The hound bites you. The hound barely misses you. The yak gores you!
2979 ||| READING scroll of teleportation.
As you read the scroll of teleportation, it crumbles to dust.
You feel strangely unstable. The hound closely misses you. The yak gores you!
The hound bites you.
You die...

#.###)##.###.###..#.#
# #..#.........#
#..#.# #
#........###.###..#.#
# ####...######
#..?...#.# .).....#
###.##.#.##########
####.#.#
#....%...........
##.#.#
####.############
#.!..###########
#.##########
#...........YY@#
#..........#
#...#####.####h#
#.########.# #####
#.# #Y# #.# #.# #.#
#.# #.# #.# #.# #.#
#.########.### #.#
#.###.#.....##....
#.#
#.....#.###.######
#####.# #######.#
#....... #.....# #.#
########


You could see 3 yaks and a hound.

Vanquished Creatures
  Sigmund (D:3)
  Eustachio (D:4)
  A hound (D:4)
  Ijyb (D:3)
  3 adders
  2 worms
  5 dart slugs
  2 orcs (D:3)
  5 ball pythons
  4 endoplasms
  5 giant cockroaches
  4 goblins
  10 hobgoblins
  3 jackals (D:4)
  A quokka (D:2)
  2 bats
  4 frilled lizards
  7 kobolds
  4 rats
65 creatures vanquished.

Notes
Turn   | Place    | Note
-------+----------+-------------------------------------------
     0 | D:1      | qw the Minotaur Hexslinger began the quest for the Orb.
     0 | D:1      | Reached XP level 1. HP: 16/16 MP: 1/1
     0 | D:1      | 0 ||| qw: Version: 0.3-a-46-gb1f654a
     0 | D:1      | 0 ||| qw: Game counter: 2581
     0 | D:1      | 0 ||| qw: Melee chars always use a shield: true
     0 | D:1      | 0 ||| qw: God list: Okawaru
     0 | D:1      | 0 ||| qw: Allow faded altars: false
     0 | D:1      | 0 ||| qw: Do Orc after clearing Dungeon:15 true
     0 | D:1      | 0 ||| qw: Do second Lair branch before Depths: true
     0 | D:1      | 0 ||| qw: Lair rune preference: random
     0 | D:1      | 0 ||| qw: Goals: Normal
     0 | D:1      | 0 ||| PLANNING D:1-11
   231 | D:1      | Reached skill level 3 in Ranged Weapons
   283 | D:1      | Reached XP level 2. HP: 23/23 MP: 2/2
   779 | D:1      | 779 ||| UPGRADING to +0 pair of boots.
   784 | D:1      | 784 ||| READING scroll labelled LIMMAIVOTO.
   785 | D:1      | 785 ||| READING 3 scrolls labelled LOSILO KAJOUNT.
   786 | D:1      | 786 ||| READING 3 scrolls labelled CUOTOW GISHRUOT.
   787 | D:1      | 787 ||| READING scroll labelled VIRABO RYOCHEA.
   792 | D:1      | 792 ||| READING 2 scrolls of identify.
   792 | D:1      | 792 ||| IDENTIFYING fuming white potion
   793 | D:1      | 793 ||| DROPPING scroll of poison.
   794 | D:1      | 794 ||| DROPPING 2 scrolls of amnesia.
   795 | D:1      | 795 ||| DROPPING potion of ambrosia.
  1259 | D:2      | Reached XP level 3. HP: 29/29 MP: 3/3
  1550 | D:2      | 1550 ||| UPGRADING to +0 leather armour.
  1560 | D:2      | 1560 ||| DROPPING +0 robe.
  1561 | D:2      | 1561 ||| UPGRADING to +0 cloak.
  1566 | D:2      | 1566 ||| UPGRADING to amulet of reflection.
  1571 | D:2      | 1571 ||| UPGRADING to +6 ring of dexterity.
  1572 | D:2      | 1572 ||| READING scroll labelled DAS RUMESYIC.
  1573 | D:2      | 1573 ||| READING scroll labelled LAHA MEXOHOPN.
  1574 | D:2      | 1574 ||| READING 3 scrolls of identify.
  1574 | D:2      | 1574 ||| IDENTIFYING fuming pink potion
  1575 | D:2      | 1575 ||| READING 2 scrolls of identify.
  1575 | D:2      | 1575 ||| IDENTIFYING amethyst potion
  1576 | D:2      | 1576 ||| DROPPING potion of brilliance.
  1618 | D:3      | Noticed Ijyb
  1637 | D:3      | HP: 6/29 [Ijyb/puff of flame (9)]
  1638 | D:3      | Reached skill level 4 in Ranged Weapons
  1638 | D:3      | 1638 ||| READING scroll of teleportation.
  1751 | D:3      | Killed Ijyb
  1752 | D:3      | Reached XP level 4. HP: 36/36 MP: 4/4
  1760 | D:3      | Noticed Sigmund
  1771 | D:3      | 1771 ||| DRINKING potion of curing.
  1771 | D:3      | 1771 ||| (to cure confusion)
  1781 | D:3      | Killed Sigmund
  1782 | D:3      | Reached skill level 6 in Ranged Weapons
  1782 | D:3      | Reached XP level 5. HP: 22/41 MP: 5/5
  2261 | D:3      | 2261 ||| SWAPPING to +0 orcbow.
  2265 | D:3      | 2265 ||| DROPPING +1 sling.
  2324 | D:3      | 2324 ||| READING scroll labelled GESOCR PEUJUI.
  2325 | D:3      | 2325 ||| READING scroll labelled QOKAODUALOPP.
  2326 | D:3      | 2326 ||| DRINKING 2 ruby potions.
  2383 | D:4      | Reached skill level 3 in Fighting
  2390 | D:4      | Reached XP level 6. HP: 51/51 MP: 6/6
  2414 | D:4      | Noticed Eustachio
  2428 | D:4      | Killed Eustachio
  2429 | D:4      | Reached skill level 3 in Armour
  2651 | D:4      | Found Qalatassi's Book Emporium.
  2683 | D:4      | 2683 ||| UPGRADING to +0 ring mail.
  2693 | D:4      | 2693 ||| DROPPING +0 leather armour.
  2947 | D:4      | 2947 ||| READING scroll labelled UTINOM QUIHO.
  2948 | D:4      | 2948 ||| READING scroll labelled SAFUZAI YWNEK.
  2949 | D:4      | 2949 ||| READING 2 scrolls of identify.
  2949 | D:4      | 2949 ||| IDENTIFYING inky potion
  2950 | D:4      | 2950 ||| DROPPING potion of magic.
  2964 | D:5      | Entered Level 5 of the Dungeon
  2964 | D:5      | Noticed a yak
  2964 | D:5      | Noticed a yak
  2964 | D:5      | Noticed a yak
  2964 | D:5      | Noticed a yak
  2965 | D:5      | Noticed a yak
  2969 | D:5      | 2969 ||| STAIRDANCE
  2978 | D:4      | HP: 12/52 [yak (12)]
  2979 | D:4      | 2979 ||| READING scroll of teleportation.
  2979 | D:4      | HP: 1/52 [yak (11)]
  2979 | D:4      | Slain by a hound

Levels and vault maps discovered:
D:1:      dpeg_arrival_line_fractal, layout_loops_ring, chequers_mini_garden,
          chequers_big_river, nicolae_titane
D:2:      layout_basic, kennysheep_minor_cross, kennysheep_doodads
D:3:      layout_loops_cross, uniq_ijyb, uniq_sigmund
D:4:      layout_loops_ring, serial_shops, nicolae_shop_advertising_works
          [nicolae_subvault_shop_adworks], uniq_eustachio
D:5:      layout_basic, gammafunk_temple_overflow_pools, grunt_tough_drop,
          uniq_blork_the_orc

Skill      XL: |  1  2  3  4  5  6 |
---------------+-------------------+-----
Ranged Weapons | 3 4 6 |  6.4
Fighting       | 2 3 |  3.7
Armour         | 3 |  3.6
Dodging        | |  2.1
Spellcasting   | |  1.0
Hexes          | |  2.0

Action                     |  1- 3 |  4- 6 || total
---------------------------+-------+-------++-------
   Fire: Sling             |    92 |    55 ||   147
         Orcbow            |       |    66 ||    66
    Use: Scroll            |    10 |     6 ||    16
         Potion            |       |     2 ||     2
 Armour: Robe              |     4 |       ||     4
         Leather armour    |     8 |     7 ||    15
         Ring mail         |       |     7 ||     7
  Dodge: Dodged            |    35 |    25 ||    60
  Block: Other             |     4 |    12 ||    16
         Reflection        |       |     1 ||     1

Table legend:
 A = Non-vault XP
 B = Vault XP
 C = Vault XP percentage of total XP
 D = Non-vault monster count
 E = Vault monster count
 F = Vault count percentage of total count
                 A         B        C        D         E       F
            +---------+---------+-------+---------+---------+-------
      Total |     204 |     451 |  68.9 |      62 |       3 |   4.6
            +---------+---------+-------+---------+---------+-------
        D:1 |      15 |       0 |   0.0 |      10 |       0 |   0.0
        D:2 |      44 |       0 |   0.0 |      17 |       0 |   0.0
        D:3 |      58 |     249 |  81.1 |      22 |       2 |   8.3
        D:4 |      87 |     202 |  69.9 |      13 |       1 |   7.1
            +---------+---------+-------+---------+---------+-------
